 Dungeon Crawl Stone Soup version 0.29-a0-716-gf28ee254f9 (webtiles) character file.

Game seed: 14467206562740313805

6223 Querens the Blocker (level 11, -4/95 HPs)
             Began as a Meteoran Fighter on June 26, 2022.
             Was a High Priest of Okawaru.
             Slain by a hornet (13 damage)
             ... on level 8 of the Dungeon.
             The game lasted 00:20:16 (4771 turns).

Querens the Blocker (Meteoran Fighter)              Turns: 4771, Time: 00:20:16

Health: -4/95      AC: 14    Str: 22    XL:     11   Next: 36%
Magic:  18/18      EV: 11    Int:  9    God:    Okawaru [*****.]
Gold:   158        SH:  8    Dex: 21    Spells: 10/10 levels left

rFire   . . .      SeeInvis .   k - +2 hand axe (flame)
rCold   . . .      Faith    .   c - +0 buckler
rNeg    . . .      Spirit   .   o - +0 chain mail
rPois   .          Reflect  .   (no helmet)
rElec   .          Harm     .   (no cloak)
rCorr   .          Rampage  .   l - +0 pair of gloves
Will    +....                   p - +0 pair of boots
Stlth   ..........              (no amulet)
HPRegen 0.25/turn               H - +6 ring of dexterity
MPRegen 0.16/turn               (no ring)

@: slowed, glowing, studying Shields, very slow
A: sense surroundings 2, otherworldly, glowing, explore regen
a: Renounce Religion, Heroism, Finesse, Duel


You were on level 8 of the Dungeon.
You worshipped Okawaru.
Okawaru was extremely pleased with you.
You visited 2 branches of the dungeon, and saw 9 of its levels.
You also visited: Sewer.

You collected 459 gold pieces.
You spent 301 gold pieces at shops.

Inventory:

Hand Weapons
 k - a +2 hand axe of flaming (weapon)
 K - a +2 hand axe of freezing
Armour
 c - a +0 buckler (worn)
 l - a +0 pair of gloves (worn)
 o - a +0 chain mail (worn)
 p - a +0 pair of boots (worn)
 A - the +1 leather armour "Buask" {rPois rF+ Dex-3}
   (You found it on level 5 of the Dungeon)

   Dex:       It affects your dexterity (-3).
   rF:        It protects you from fire.
   rPois:     It protects you from poison.
 F - the +3 leather armour "Earthly Heaven" {rN+ rCorr Int-5}
   (You found it on level 6 of the Dungeon)

   Int:       It affects your intelligence (-5).
   rN:        It protects you from negative energy.
   rCorr:     It protects you from acid and corrosion.
Jewellery
 g - a ring of wizardry
 t - a ring of ice
 H - a +6 ring of dexterity (left hand)
Wands
 D - a wand of iceblast (3)
 L - a wand of mindburst (15)
 M - a wand of flame (19)
Scrolls
 a - a scroll of poison {unknown}
 e - 2 scrolls of enchant armour {unknown}
 f - a scroll of brand weapon {unknown}
 m - 2 scrolls of teleportation
 u - a scroll of blinking {unknown}
 w - 2 scrolls of fog
 x - a scroll of amnesia {unknown}
 y - 2 scrolls of torment {unknown}
 C - 3 scrolls of immolation {unknown}
 G - a scroll of vulnerability {unknown}
 N - a scroll of magic mapping
 O - a scroll of silence
 P - a scroll of enchant weapon
Potions
 b - 3 potions of lignification
 d - 2 potions of might
 h - 3 potions of heal wounds
 i - a potion of brilliance {unknown}
 n - 2 potions of invisibility {unknown}
 r - 4 potions of mutation
 s - a potion of haste {unknown}
 v - 3 potions of degeneration {unknown}
 z - a potion of resistance {unknown}
 B - 3 potions of attraction
 E - a potion of flight {unknown}
Miscellaneous
 I - a lightning rod (4/4)
 J - a tin of tremorstones (2/2)


   Skills:
 + Level 8.5 Fighting
 + Level 8.9 Axes
 + Level 9.3 Armour
 - Level 5.0 Dodging
 + Level 10.6 Shields
 + Level 8.0 Invocations


You had 10 spell levels left.
You didn't know any spells.
Your spell library contained the following spells:

 Spells                   Type           Power      Damage    Failure   Level
 Slow                     Hex            0%         N/A       97%         1
 Blink                    Tloc           0%         N/A       99%         2
 Confusing Touch          Hex            0%         N/A       100%        3
 Frozen Ramparts          Ice            0%         1d2       100%        3
 Vampiric Draining        Necr           0%         2d6       100%        3
 Ice Form                 Ice/Tmut       0%         N/A       100%        4
 Passage of Golubria      Tloc           0%         N/A       100%        4
 Manifold Assault         Tloc           0%         N/A       100%        5
 Yara's Violent Unravell  Hex/Tmut       0%         3d3       100%        5
 Storm Form               Tmut/Air       0%         N/A       100%        7
 Tukima's Dance           Hex            Unusable   N/A       N/A         3
 Summon Ice Beast         Ice/Summ       Unusable   N/A       N/A         4

Dungeon Overview and Level Annotations

Branches:
Dungeon (8/15) Zot: 306    Temple (1/1) D:4 Zot: 427   Sewer (visited)
   Lair: D:8-11

Altars:
Ashenzari
Cheibriados
Dithmenos
Fedhas
Gozag
Hepliaklqana
Kikubaaqudgha
Makhleb
Nemelex Xobeh
Okawaru
Qazlal
Ru
Sif Muna
Trog
Uskayaw
Vehumet
Wu Jian
Xom
Yredelemnul
Zin
The Shining One
Beogh

Shops:
D:8 ?

Annotations:
D:3 3 runed translucent doors, Smoky173's ghost, weakling OpHW


Innate Abilities, Weirdness & Mutations

You passively map the area around you.
You are easily found by Zot.
You glow in the dark.
You regain HP and MP as you explore.


Message History

Unknown command.
You barely miss the hornet.
The hornet is almost dead.
You feel sick. The hornet stings you.
* * * LOW HITPOINT WARNING * * *
You feel yourself slow down.
Unknown command.
Unknown command.
You hit the hornet but do no damage.
The hornet is almost dead.
You feel sick. The hornet barely misses you. You block the hornet's attack.
Unknown command.
Unknown command.
You hit the hornet. You burn the hornet.
The hornet is almost dead.
You feel yourself speed up.
You feel sick. The hornet closely misses you. You block the hornet's attack.
Unknown command.
Unknown command.
You hit the hornet but do no damage.
The hornet is almost dead.
You feel sick. The hornet barely misses you. The hornet stings you!
* * * LOW HITPOINT WARNING * * *
You are more poisoned.
You feel yourself slow down.
Unknown command.
Unknown command.
You feel better.
You feel yourself speed up.
The hornet stings you but does no damage.
The hornet stings you!
* * * LOW HITPOINT WARNING * * *
You feel yourself slow down.
You hit the hornet but do no damage.
The hornet is almost dead.
The hornet barely misses you. You block the hornet's attack.
You hit the hornet but do no damage.
The hornet is almost dead.
The hornet stings you!
You die...

#'#######...# * * *
#...........# *
#....hB.....# ** ,*
#...........##### ,, ,,
#...######'##....,
....####.....# , ,#
....#.......### ,, ..#
....#.........#####...#
#####....###....@.....#
#####)..## ####..y....#
....†..## ###.....# #####.##
#.....# ### ##.....#
##########......#
##....##.........#
##................###
#####....#######........####


You could see a hornet.

Vanquished Creatures
  A hydra (D:7)
  A two-headed ogre (D:6)
  Pikel (D:6)
  An ugly thing (D:8)
  A cyclops (D:7)
  A troll (D:7)
  A hornet (D:7)
  Eustachio (D:6)
  2 wyverns (D:7)
  A steam dragon (D:5)
  An acid dragon (D:7)
  Pargi (Sewer)
  2 sky beasts
  3 ice beasts
  A black bear (D:6)
  2 orc warriors
  3 ogres
  3 lemures (D:6)
  4 phantoms
  A gnoll sergeant (D:7)
  2 necrophages
  4 bullfrogs
  2 wights
  4 howler monkeys
  3 jellies
  6 hounds
  2 orc priests
  3 iguanas (D:6)
  2 orc wizards (D:8)
  5 gnolls
  7 adders
  3 shadow imps
  2 white imps (D:7)
  An ufetubus (D:6)
  4 dart slugs
  16 orcs
  7 endoplasms
  4 giant cockroaches
  9 goblins
  3 hobgoblins
  3 jackals (D:3)
  3 quokkas
  5 ball pythons
  4 bats
  3 frilled lizards
  11 kobolds
  A rat (D:2)
151 creatures vanquished.

Notes
Turn   | Place    | Note
-------+----------+-------------------------------------------
     0 | D:1      | Querens the Meteoran Fighter began the quest for the Orb.
     0 | D:1      | Reached XP level 1. HP: 19/19 MP: 2/2
     7 | D:1      | Noticed a swamp worm
     7 | D:1      | Noticed a seven-headed hydra
     7 | D:1      | Noticed a scorpion
     7 | D:1      | Noticed a polar bear
   228 | D:1      | Reached XP level 2. HP: 26/26 MP: 3/3
   366 | D:1      | Reached XP level 3. HP: 30/31 MP: 4/4
   389 | D:1      | Found a faded altar of an unknown god.
   488 | D:1      | Glimpsed the power of Zot.
   538 | D:1      | Glimpsed the power of Zot.
   586 | D:2      | Reached skill level 4 in Shields
  1083 | D:2      | Glimpsed the power of Zot.
  1133 | D:2      | Glimpsed the power of Zot.
  1171 | D:3      | Reached XP level 4. HP: 39/40 MP: 5/5
  1171 | D:3      | Found a runed translucent gate.
  1171 | D:3      | Found a runed translucent gate.
  1171 | D:3      | Found a runed translucent gate.
  1203 | D:3      | Noticed Smoky173's ghost (weakling OpHW)
  1444 | D:3      | Reached skill level 1 in Dodging
  1444 | D:3      | Reached XP level 5. HP: 35/46 MP: 6/6
  1675 | D:3      | Glimpsed the power of Zot.
  1844 | D:4      | Noticed an ice beast
  1869 | D:4      | Killed an ice beast
  1870 | D:4      | Reached XP level 6. HP: 6/53 MP: 7/7
  1916 | D:4      | Found a glowing drain.
  1937 | Sewer    | Entered a sewer
  1940 | Sewer    | Noticed Pargi
  1950 | Sewer    | Killed Pargi
  1951 | Sewer    | Reached skill level 5 in Armour
  1951 | Sewer    | Reached skill level 5 in Shields
  1951 | Sewer    | Reached XP level 7. HP: 46/60 MP: 8/8
  2376 | D:4      | Glimpsed the power of Zot.
  2412 | D:4      | Found a staircase to the Ecumenical Temple.
  2416 | Temple   | Entered the Ecumenical Temple
  2598 | D:4      | Glimpsed the power of Zot.
  2638 | D:4      | Glimpsed the power of Zot.
  2646 | D:5      | Entered Level 5 of the Dungeon
  2758 | D:5      | Found an iron altar of Okawaru.
  2766 | D:5      | Became a worshipper of Warmaster Okawaru
  2799 | D:5      | Reached skill level 5 in Fighting
  2869 | D:5      | Noticed a steam dragon
  2885 | D:5      | Killed a steam dragon
  2886 | D:5      | Reached skill level 5 in Axes
  2886 | D:5      | Reached skill level 1 in Invocations
  2886 | D:5      | Reached XP level 8. HP: 25/68 MP: 9/9
  2949 | D:5      | Identified the +1 leather armour "Buask" {rPois rF+ Dex-3}
  3124 | D:5      | Found a hide-covered altar of Uskayaw.
  3125 | D:5      | Found a stormy altar of Qazlal.
  3126 | D:5      | Found a snail-covered altar of Cheibriados.
  3145 | D:5      | Glimpsed the power of Zot.
  3183 | D:5      | Reached * piety under Okawaru
  3184 | D:5      | Reached skill level 6 in Shields
  3194 | D:5      | Glimpsed the power of Zot.
  3256 | D:6      | Gained mutation: You passively map the area around you.
                  | [Meteoran growth]
  3256 | D:6      | Reached XP level 9. HP: 69/75 MP: 10/12
  3375 | D:6      | Identified the +3 leather armour "Earthly Heaven" {rN+
                  | rCorr Int-5}
  3379 | D:6      | Noticed Pikel
  3396 | D:6      | Reached skill level 5 in Dodging
  3396 | D:6      | Killed Pikel
  3396 | D:6      | Reached ** piety under Okawaru
  3397 | D:6      | Reached skill level 7 in Shields
  3429 | D:6      | Noticed Eustachio
  3446 | D:6      | Killed Eustachio
  3478 | D:6      | Noticed a two-headed ogre
  3488 | D:6      | Killed a two-headed ogre
  3488 | D:6      | Reached *** piety under Okawaru
  3489 | D:6      | Reached skill level 5 in Invocations
  3489 | D:6      | Reached XP level 10. HP: 79/86 MP: 11/15
  3785 | D:7      | Reached skill level 8 in Shields
  3813 | D:7      | Noticed a gargoyle
  3822 | D:7      | Noticed a four-headed hydra
  4064 | D:6      | Reached skill level 9 in Shields
  4119 | D:7      | Killed a one-headed hydra
  4119 | D:7      | Reached **** piety under Okawaru
  4190 | D:7      | Reached XP level 11. HP: 86/94 MP: 17/17
  4204 | D:7      | Identified the +11 spear of Equivalence {distort, rElec
                  | Int+2}
  4204 | D:7      | Noticed a skeletal warrior
  4283 | D:7      | Paralysed by a hornet for 1 turns
  4327 | D:7      | Noticed a cyclops
  4337 | D:7      | Killed a cyclops
  4338 | D:7      | Reached skill level 10 in Shields
  4365 | D:7      | Glimpsed the power of Zot.
  4477 | D:8      | Noticed a boulder beetle
  4710 | D:8      | Found Hiskyh's Magic Scroll Shoppe.
  4715 | D:8      | Bought a scroll of fog for 28 gold pieces
  4715 | D:8      | Bought a scroll of magic mapping for 49 gold pieces
  4715 | D:8      | Bought a scroll of noise for 14 gold pieces
  4715 | D:8      | Bought a scroll of silence for 105 gold pieces
  4715 | D:8      | Bought a scroll of enchant weapon for 105 gold pieces
  4717 | D:8      | Noticed a cyan ugly thing
  4739 | D:8      | Killed a cyan ugly thing
  4739 | D:8      | Reached ***** piety under Okawaru
  4771 | D:8      | Slain by a hornet

Illustrated notes

Levels and vault maps discovered:
D:1:      onia_arrival_zoo_common, layout_basic,
          hellmonk_ecumenical_altar_defaced_shrine,
          chequers_serial_rivers_micro_c
D:2:      layout_loops_corners, grunt_ministairs_7
D:3:      layout_loops_corners, gammafunk_ghost_icy
D:4:      layout_loops_corners, temple_hall_moat, portal_sewer_entry_d,
          kennysheep_generic_room_14
D:5:      layout_basic, chequers_temple_overflow_statue_of_worship,
          mainiacjoe_overflow_catwalk, grunt_decor_fettered
D:6:      layout_cave_pools, uniq_eustachio, uniq_pikel
D:7:      minmay_the_grid_octo_tiled_squarecenter [minmay_the_grid_octo_empty,
          minmay_the_grid_octo_thin_diamonds, minmay_the_grid_octo_empty,
          minmay_the_grid_octo_horde,
          minmay_the_grid_square_5x5_megaprize_crossed,
          minmay_the_grid_square_5x5_spiral,
          minmay_the_grid_square_5x5_beaten_path,
          minmay_the_grid_square_5x5_intrusive_squares,
          minmay_the_grid_square_5x5_seven], layout_cave_pods
D:8:      kennysheep_blocky_room, layout_layer_cave, serial_shops, shop,
          uniq_erica
Temple:   bh_familiar_temple

Skill      XL: |  1  2  3  4  5  6  7  8  9 10 11 |
---------------+----------------------------------+-----
Armour         | 4 5 6 7 8 9 |  9.3
Shields        | 4 5 6 7 9 10 | 10.6
Axes           | 3 4 5 7 8 |  8.9
Dodging        | 1 2 3 4 5 |  5.0
Fighting       | 4 5 7 8 |  8.5
Invocations    | 1 2 5 7 8 |  8.0

Action                   |  1- 3 |  4- 6 |  7- 9 | 10-12 || total
-------------------------+-------+-------+-------+-------++-------
Melee: War axe           |    26 |       |       |       ||    26
       Hand axe          |    31 |   102 |   208 |   243 ||   584
Invok: Heroism           |       |       |     3 |     7 ||    10
Evoke: Wand              |       |       |     4 |     3 ||     7
  Use: Potion            |       |     1 |       |     5 ||     6
       Scroll            |       |       |       |    10 ||    10
Armor: Scale mail        |    27 |       |       |       ||    27
       Chain mail        |     2 |    61 |   130 |    88 ||   281
Dodge: Dodged            |    18 |    37 |    74 |    81 ||   210
Block: Buckler           |    15 |    24 |    63 |    79 ||   181

Table legend: (Time is in decaauts)
 A = Elapsed time spent in this place.
 B = Non-inter-level travel time spent in this place.
 C = Inter-level travel time spent in this place.
 D = Time resting spent in this place.
 E = Time spent auto-exploring this place.
 F = Levels seen in this place.
 G = Mean time per level.
                   A        B        C        D        E       F      G
               +--------+--------+--------+--------+--------+-----+--------+
         Total |   4790 |   4501 |    289 |      0 |    139 |  10 |  479.0 |
       Dungeon |   4492 |   4215 |    277 |      0 |      0 |   8 |  561.5 |
        Temple |    172 |    160 |     12 |      0 |    139 |   1 |  172.0 |
         Sewer |    125 |    125 |      0 |      0 |      0 |   1 |  125.0 |
               +--------+--------+--------+--------+--------+-----+--------+

Top non-repeatable levels by time:
     D:7: 731 daAuts
     D:4: 656 daAuts
     D:3: 590 daAuts
     D:2: 587 daAuts
     D:1: 562 daAuts
     D:5: 559 daAuts
     D:6: 434 daAuts
     D:8: 368 daAuts
  Temple: 172 daAuts
   Sewer: 125 daAuts
